 Dungeon Crawl Stone Soup version 0.23.0-3-gf3c87f2df8 (webtiles) character file.

Game seed: 9942552846541283379

1078 HolyGrifer the Chiller (level 8, -1/55 (57) HPs)
             Began as a Ghoul Ice Elementalist on Feb 25, 2019.
             Was a Believer of Lugonu.
             Hit by a stone thrown by a wight (6 damage)
             ... on level 7 of the Dungeon.
             The game lasted 00:41:13 (5547 turns).

HolyGrifer the Chiller (Ghoul Ice Elementalist)     Turns: 5547, Time: 00:41:14

HP:   -1/55 (57)    AC:  6    Str: 13    XL:     8   Next: 29%
MP:   1/12          EV: 12    Int: 11    God:    Lugonu [**....]
Gold: 199           SH:  0    Dex: 11    Spells: 6/14 levels left

rFire    . . .     SeeInvis .   o - +3 quarterstaff (chaos)
rCold    + . .     Gourm    .   (shield currently unavailable)
rNeg     + + +     Faith    .   B - +0 leather armour
rPois    ∞         Spirit   .   (no helmet)
rElec    .         Reflect  .   p - +1 cloak
rCorr    .         Harm     +   x - +0 pair of gloves
MR       .....                  (no boots)
Stlth    ++........             t - amulet of harm
HPRegen  0.00/turn              g - +2 ring of dexterity
MPRegen  0.13/turn              e - ring of wizardry

@: very slightly contaminated, rotting
A: rotting body, claws 1, carnivore, cold resistance 1, negative energy
resistance 3, inhibited regeneration, torment resistance, unbreathing
a: Depart the Abyss, Bend Space, Renounce Religion


You were on level 7 of the Dungeon.
You worshipped Lugonu.
Lugonu was pleased with you.
You were not hungry.

You visited 1 branch of the dungeon, and saw 6 of its levels.

You collected 199 gold pieces.

Inventory:

Hand Weapons
 b - a +3 whip of flaming
 k - a cursed -1 mace
 l - a +2 mace of protection
 o - a +3 quarterstaff of chaos (weapon)
 y - a +0 dire flail of protection
Missiles
 d - 74 stones (quivered)
Armour
 p - a +1 cloak (worn)
 x - a +0 pair of gloves (worn)
 B - a +0 leather armour (worn)
Jewellery
 e - a ring of wizardry (right hand)
 g - a +2 ring of dexterity (left hand)
 j - an uncursed ring of resist corrosion
 t - an amulet of harm (around neck)
Wands
 a - a wand of polymorph (4)
 n - a wand of random effects (15)
Scrolls
 q - 2 scrolls of fear
 s - 3 scrolls of remove curse
 w - 2 scrolls of identify
Potions
 f - 3 potions of curing
 h - a potion of heal wounds {unknown}
 m - a potion of brilliance {unknown}
 r - 2 potions of mutation
 u - a potion of haste {unknown}
 v - a potion of magic {unknown}
 z - 2 potions of agility {unknown}
 A - 2 potions of might {unknown}
Comestibles
 c - 9 rations


   Skills:
 - Level 0.3(2.6) Maces & Flails
 * Level 4.3 Staves
 * Level 3.0 Dodging
 - Level 2.5 Stealth
 * Level 3.7 Spellcasting
   Level 0.7 Conjurations
 * Level 2.1 Summonings
 * Level 6.1 Ice Magic
 * Level 2.2 Evocations


You had 6 spell levels left.
You knew the following spells:

 Your Spells              Type           Power        Failure   Level  Hunger
a - Freeze                Ice            ###.         1%          1    #......
b - Summon Ice Beast      Ice/Summ       ##......     22%         4    #####..
c - Ozocubu's Armour      Chrm/Ice       #.......     11%         3    ###....

Your spell library contained the following spells:

 Spells                   Type           Power        Failure   Level  Hunger
 Throw Frost              Conj/Ice       #.....       4%          2    ##.....
 Throw Icicle             Conj/Ice       #.......     28%         4    #####..


Dungeon Overview and Level Annotations

Branches:
Dungeon (7/15)             Temple (0/1) D:7

Altars:
Gozag
Nemelex Xobeh
Lugonu


Innate Abilities, Weirdness & Mutations

Your body is rotting away.
You thrive on raw meat.
You are immune to poison.
You have sharp fingernails.
You are carnivorous and can eat meat at any time.
Your flesh is cold resistant. (rC+)
You are immune to negative energy. (rN+++)
You do not regenerate when monsters are visible.
You are immune to unholy pain and torment.
You can survive without breathing.


Message History

Okay, then.
Casting: Summon Ice Beast (slightly dangerous; 22% risk of failure)
Confirm with . or Enter, or press ? or * to list all spells.
You miscast Ozocubu's Armour.
You are very lightly contaminated with residual magic.
A chill runs through your body. The wight hits you but does no damage.
Casting: Ozocubu's Armour (safe; 11% risk of failure)
Confirm with . or Enter, or press ? or * to list all spells.
A film of ice covers your body! The wight hits you but does no damage.
Casting: Ozocubu's Armour (safe; 11% risk of failure)
Confirm with . or Enter, or press ? or * to list all spells.
A chill wind blows around you. The wight barely misses you.
Your icy armour cracks and falls away as you move.
The wight hits you from afar with a +4 spear.
* * * LOW HITPOINT WARNING * * *
The wight closely misses you.
Your ice beast hits the wight but does no damage.
Your ice beast hits the wight but does no damage.
The wight throws a stone.
The stone hits you.
You die...

#........ #.#######
#.####### #.##§°.°§
#.##°°°☼☼
###########.##°§☼°.
#.(.........##°○°○.
#....(.#....##○○○☼§
#.@.(..#....#######
#......#....#8.....
#......#....#######
#..z...#....###.○§#
#..Y...#....##§§○§§
#......#....##.○§§.
#..)...#....##.°○§☼
#......#.. ##○☼○#
#...(...... ######


You could see a wight and a friendly ice beast.

Vanquished Creatures
  Edmund (D:4)
  A water moccasin (D:5)
  A phantom (D:4)
  An ogre (D:3)
  A scorpion (D:4)
  A howler monkey (D:5)
  3 wights
  A quasit (D:4)
  Crazy Yiuf (D:2)
  A hound (D:5)
  4 worker ants
  Natasha (twice) (D:4)
  4 adders
  2 oozes
  2 worms
  2 dart slugs
  2 leopard geckos (D:1)
  A giant cockroach (D:3)
  6 goblins
  6 hobgoblins
  4 jackals (D:2)
  2 quokkas
  A ball python (D:1)
  6 bats
  7 frilled lizards
  9 kobolds
  A quokka zombie (D:5)
  5 rats
  A plant (D:1)
79 creatures vanquished.

Vanquished Creatures (collateral kills)
  A hungry ghost (D:7)
  Natasha (D:4)
  2 worker ants (D:5)
  A worm (D:5)
  A quokka (D:5)
  A bat (D:2)
  A frilled lizard (D:3)
  A goblin (D:3)
9 creatures vanquished.

Vanquished Creatures (others)
  A hound (D:4)
  A plant (D:1)
2 creatures vanquished.

Grand Total: 90 creatures vanquished

Notes
Turn   | Place    | Note
-------+----------+-------------------------------------------
     0 | D:1      | HolyGrifer the Ghoul Ice Elementalist began the quest for
                  | the Orb.
     0 | D:1      | Reached XP level 1. HP: 14/14 MP: 2/2
   418 | D:1      | Reached XP level 2. HP: 19/19 MP: 1/3
   790 | D:1      | Reached skill level 4 in Ice Magic
   965 | D:1      | Reached XP level 3. HP: 24/24 MP: 0/4
  1369 | D:2      | Found a runed translucent door.
  1370 | D:2      | Noticed Crazy Yiuf
  1383 | D:2      | Killed Crazy Yiuf
  1383 | D:2      | Reached XP level 4. HP: 6/33 MP: 2/6
  1741 | D:2      | Learned a level 4 spell: Summon Ice Beast
  1891 | D:2      | Found a faded altar of an unknown god.
  1908 | D:2      | Became a worshipper of Lugonu the Unformed
  1908 | D:2      | Reached * piety under Lugonu
  1908 | D:2      | Reached ** piety under Lugonu
  2343 | D:3      | Reached skill level 1 in Staves
  2343 | D:3      | Reached XP level 5. HP: 2/38 MP: 0/7
  2833 | D:3      | Noticed an ice devil
  2833 | D:3      | Noticed an ogre
  3231 | D:3      | Killed an ogre
  3231 | D:3      | Reached skill level 5 in Ice Magic
  3231 | D:3      | Reached XP level 6. HP: 22/45 MP: 6/8
  3679 | D:4      | Noticed Natasha
  3686 | D:4      | Killed Natasha
  3686 | D:4      | Reached skill level 1 in Evocations
  3791 | D:4      | Noticed Natasha
  3802 | D:4      | Killed Natasha
  3802 | D:4      | Reached skill level 1 in Summonings
  3919 | D:4      | Noticed Natasha
  3921 | D:4      | Noticed a phantom
  3931 | D:4      | Killed Natasha
  3941 | D:4      | Killed a phantom
  3941 | D:4      | Reached XP level 7. HP: 31/50 MP: 6/10
  4319 | D:4      | Noticed Edmund
  4333 | D:4      | Killed Edmund
  4593 | D:5      | Entered Level 5 of the Dungeon
  4782 | D:5      | Reached XP level 8. HP: 38/54 MP: 4/12
  4785 | D:5      | Reached skill level 6 in Ice Magic
  5114 | D:5      | Learned a level 3 spell: Ozocubu's Armour
  5127 | D:5      | Found an opulent altar of Gozag.
  5319 | D:4      | You fall through a shaft for 3 floors!
  5350 | D:7      | Found a staircase to the Ecumenical Temple.
  5469 | D:7      | Found a sparkling altar of Nemelex Xobeh.
  5547 | D:7      | Hit by a stone thrown by a wight

Skill      XL: |  1  2  3  4  5  6  7  8 |
---------------+-------------------------+-----
Ice Magic      | 4 5 6 |  6.1
Spellcasting   | 2 3 |  3.7
Dodging        | 2 3 |  3.0
Staves         | 1 2 3 4 |  4.3
Evocations     | 1 2 |  2.2
Summonings     | 1 2 |  2.1
Maces & Flails | |  0.3
Stealth        | |  2.5
Conjurations   | |  0.7

Action                   |  1- 3 |  4- 6 |  7- 9 || total
-------------------------+-------+-------+-------++-------
Melee: Unarmed           |    12 |       |       ||    12
       Whip              |    74 |       |       ||    74
       Quarterstaff      |       |   100 |    55 ||   155
 Cast: Freeze            |    22 |    25 |     8 ||    55
       Summon Ice Beast  |       |     5 |     8 ||    13
       Ozocubu's Armour  |       |       |     2 ||     2
Invok: Bend Space        |       |     1 |       ||     1
  Use: Scroll            |     4 |     4 |     1 ||     9
       Potion            |     2 |       |       ||     2
 Stab: Sleeping          |       |       |     1 ||     1
       Petrified         |       |       |     1 ||     1
  Eat: Chunk             |     5 |    17 |     8 ||    30
       Ration            |       |     1 |       ||     1
Armor: Robe              |     4 |       |       ||     4
       Ring mail         |    15 |    68 |    19 ||   102
       Leather armour    |       |       |     5 ||     5
Dodge: Dodged            |    47 |    99 |    44 ||   190
